AoeStats
← tilmanv

Arena

508967372Analyzed
4v4 RM · 9d ago on Sep 24, 2026· 49m 2s· 8 players
Game mode
Random Map
Map size
Large (8 player)
Population
200
Speed
Normal
Resources
Standard
Victory
Conquest
Starting age
Dark Age
Ending age
Imperial Age
RankedLock teamsTeams togetherTeam positionsShared explorationLock speedFull tech treeHidden civsTurbo modeCheats
Victory
Defeat
🇲🇽 Aztecs · Mexico
1062
+15
🇬🇧 Vikings · United Kingdom
1042
+16
🇲🇽 Varangians · Mexico
1023
+17
🇩🇪 Teutons · Germany
992
+18
🇦🇷 Persians · Argentina
1120
-20
🇹🇷 Burgundians · Türkiye
1112
-19
🇫🇷 Teutons · France
969
-14
🇬🇧 Japanese · United Kingdom
959
-13
Sniper_Wolf
12:10 Feudal Age
14:54 Scale Mail Armor
17:21 Castle Age
15:26 Double-Bit Axe
15:23 Horse Collar
16:46 Forging
16:52 Gold Mining
18:55 Bow Saw
18:23 Eagle Warrior
19:53 Chain Mail Armor
23:27 Fervor
23:59 Loom
26:12 Iron Casting
27:09 Sanctity
27:34 Wheelbarrow
27:41 Gold Shaft Mining
27:08 Heavy Plow
27:22 Squires
27:07 Arson
30:34 Imperial Age
30:23 Hand Cart
29:54 Town Watch
30:02 Fletching
30:19 Pikeman
31:16 Fortified Wall
31:35 Ballistics
31:11 Bodkin Arrow
31:17 Padded Archer Armor
32:02 Plate Mail Armor
32:32 Blast Furnace
31:18 Capped Ram
33:30 Blast Furnace
33:56 Siege Ram
36:11 Conscription
35:20 Elite Eagle Warrior
38:11 Chemistry
45:22 Garland Wars
47:22 Elite Jaguar Warrior
tilmanv
12:25 Feudal Age
14:17 Wheelbarrow
13:29 Double-Bit Axe
16:35 Castle Age
15:23 Gold Mining
15:25 Stone Mining
17:57 Hand Cart
21:46 Bow Saw
29:06 Imperial Age
26:22 Loom
26:23 Town Watch
28:19 Bloodlines
29:19 Forging
29:15 Scale Barding Armor
29:20 Cavalier
30:36 Iron Casting
30:22 Chain Barding Armor
30:53 Paladin
33:11 Blast Furnace
32:46 Plate Barding Armor
33:51 Two-Man Saw
32:33 Horse Collar
34:12 Heavy Plow
36:14 Scale Mail Armor
36:56 Crop Rotation
37:54 Chain Mail Armor
37:50 Town Patrol
38:03 Fortified Wall
39:31 Pikeman
40:12 Squires
39:57 Arson
43:09 Plate Mail Armor
42:48 Halberdier
45:40 Chemistry
45:01 Ballistics
46:58 Conscription
46:20 Elite Teutonic Knight
StinkyNewt
9:22 Feudal Age
10:06 Double-Bit Axe
15:23 Castle Age
13:21 Horse Collar
16:38 Bow Saw
21:57 Crossbowman
24:47 Fletching
27:40 Bodkin Arrow
29:52 Padded Archer Armor
29:53 Scale Mail Armor
31:21 Leather Archer Armor
31:00 Gold Mining
33:54 Imperial Age
31:41 Treadmill Crane
32:13 Fortified Wall
32:26 Ballistics
32:38 Chain Mail Armor
33:23 Gold Shaft Mining
32:17 Elite Skirmisher
33:04 Chieftains
33:09 Squires
34:19 Heavy Plow
34:08 Loom
34:35 Bogsveigar
34:57 Conscription
34:10 Elite Varangian Guard
34:34 Arbalester
35:14 Capped Ram
38:26 Bracer
38:57 Ring Archer Armor
38:57 Plate Mail Armor
38:37 Forging
41:13 Iron Casting
40:06 Pikeman
40:28 Heavy Scorpion
43:16 Stone Mining
44:08 Hoardings
42:56 Elite Berserk
46:26 Two-Man Saw
46:02 Crop Rotation
45:50 Man-at-Arms
47:52 Blast Furnace
46:44 Long Swordsman
47:57 Two-Handed Swordsman
48:08 Elite Berserk
ULIVS96
3:33 Loom
10:59 Feudal Age
14:57 Castle Age
13:07 Double-Bit Axe
13:33 Horse Collar
18:47 Wheelbarrow
18:13 Heavy Plow
23:32 Bow Saw
24:58 Hand Cart
25:00 Hand Cart
25:21 Vendel Legacy
29:50 Imperial Age
28:40 Husbandry
29:06 Padded Archer Armor
28:57 Fletching
29:15 Scale Barding Armor
29:20 Forging
29:25 Loom
30:55 Conscription
31:44 Iron Casting
31:05 Bodkin Arrow
32:40 Chain Barding Armor
33:41 Bloodlines
34:17 Plate Barding Armor
34:43 Blast Furnace
33:53 Gothikon
34:32 Pikeman
35:28 Scale Mail Armor
35:56 Squires
36:25 Elite Jarl
38:24 Ballistics
39:55 Chemistry
40:02 Chain Mail Armor
39:37 Gambesons
39:38 Arson
40:46 Halberdier
42:12 Crop Rotation
43:46 Cavalier
45:04 Plate Mail Armor
MS2GUD1068
15:06 Feudal Age
19:19 Castle Age
20:16 Man-at-Arms
20:41 Gambesons
20:57 Squires
20:43 Arson
21:25 Loom
27:48 Double-Bit Axe
27:49 Horse Collar
29:09 Fletching
29:19 Padded Archer Armor
30:14 Bow Saw
30:52 Thumb Ring
30:07 Elite Skirmisher
31:52 Wheelbarrow
31:04 Town Watch
31:48 Town Patrol
31:54 Heavy Plow
31:54 Gold Mining
33:45 Hand Cart
36:30 Imperial Age
36:05 Bodkin Arrow
36:25 Leather Archer Armor
36:22 Forging
36:13 Scale Mail Armor
38:56 Bracer
39:26 Ring Archer Armor
40:45 Long Swordsman
42:03 Long Swordsman
44:00 Light Cavalry
44:28 Two-Handed Swordsman
46:12 Bloodlines
46:03 Husbandry
Zig
11:21 Feudal Age
16:13 Castle Age
17:08 Double-Bit Axe
17:05 Horse Collar
21:19 Loom
22:51 Heavy Plow
25:20 Wheelbarrow
30:24 Imperial Age
28:29 Hand Cart
28:26 Gold Mining
29:08 Scale Barding Armor
29:13 Forging
29:50 Bloodlines
30:23 Forging
31:34 Town Watch
33:02 Chain Barding Armor
33:21 Crop Rotation
34:13 Chemistry
33:24 Fortified Wall
33:03 Cavalier
34:28 Plate Barding Armor
35:52 Bow Saw
37:07 Iron Casting
38:00 Paladin
39:17 Pikeman
41:05 Blast Furnace
40:28 Squires
40:22 Halberdier
43:53 Scale Mail Armor
45:29 Two-Man Saw
45:02 Conscription
R1D1
5:19 Loom
9:26 Wheelbarrow
9:21 Double-Bit Axe
9:19 Horse Collar
11:46 Feudal Age
16:17 Castle Age
14:52 Heavy Plow
15:47 Bow Saw
20:28 Hand Cart
21:47 Gold Mining
23:05 Town Watch
24:53 Stone Mining
26:40 Two-Man Saw
30:17 Imperial Age
28:26 Gold Shaft Mining
29:08 Two-Man Saw
28:52 Crop Rotation
29:01 Stone Shaft Mining
28:59 Scale Barding Armor
30:15 Town Patrol
30:27 Forging
30:37 Chain Barding Armor
30:57 Burgundian Vineyards
31:51 Iron Casting
31:59 Conscription
32:55 Plate Barding Armor
32:52 Elite Coustillier
33:49 Husbandry
33:10 Light Cavalry
35:11 Hoardings
35:03 Ballistics
36:33 Blast Furnace
36:09 Plate Barding Armor
36:57 Chemistry
36:07 Masonry
36:06 Hussar
38:33 Squires
38:19 Arson
37:54 Pikeman
39:23 Scale Mail Armor
39:23 Padded Archer Armor
39:39 Fortified Wall
39:23 Elite Skirmisher
40:03 Halberdier
44:54 Chain Mail Armor
Manu
11:58 Feudal Age
13:20 Double-Bit Axe
13:19 Horse Collar
16:16 Castle Age
16:15 Stone Mining
17:40 Bow Saw
17:35 Heavy Plow
19:45 Wheelbarrow
20:50 Hand Cart
27:10 Forging
27:05 Scale Barding Armor
27:20 Gold Mining
28:06 Stone Shaft Mining
32:58 Imperial Age
30:51 Chain Barding Armor
31:06 Iron Casting
30:42 Caravan
30:59 Town Watch
37:54 Plate Barding Armor
36:45 Crossbowman
37:31 Elite War Elephant
45:17 Blast Furnace
44:28 Bloodlines
44:19 Husbandry
45:02 Conscription
Connection lost

Rejoining the realm…

Still unreachable

The connection could not be restored.

Session expired

The server has moved on; the page needs a fresh start.